 Dungeon Crawl Stone Soup version 0.27-a0-1123-g2f9bb313c0 (webtiles) character file.

Game seed: 1350967552783790307

207 harkkk the Shield-Bearer (level 5, -1/38 (46) HPs)
             Began as a Minotaur Fighter on May 3, 2021.
             Slain by a phantom (8 damage)
             ... on level 4 of the Dungeon.
             The game lasted 00:06:24 (2188 turns).

harkkk the Shield-Bearer (Minotaur Fighter)         Turns: 2188, Time: 00:06:24

HP:   -1/38 (46)    AC:  8    Str: 21    XL:     5   Next: 54%
MP:   4/4           EV:  8    Int:  5    God:
Gold: 102           SH: 10    Dex: 10    Spells: 4/4 levels left

rFire    . . .     SeeInvis .   a - +0 flail
rCold    . . .     Faith    .   c - +0 kite shield
rNeg     . . .     Spirit   .   b - +0 scale mail
rPois    .         Reflect  .   (helmet restricted)
rElec    .         Harm     .   j - +0 cloak
rCorr    .         Rampage  .   (no gloves)
Will     .....                  (no boots)
Stlth    ..........             (no amulet)
HPRegen  0.12/turn              (no ring)
MPRegen  0.09/turn              (no ring)

@: heavily drained
A: horns 2, retaliatory headbutt
a: no special abilities


You were on level 4 of the Dungeon.
You visited 1 branch of the dungeon, and saw 4 of its levels.

You collected 102 gold pieces.

Inventory:

Hand Weapons
 a - a +0 flail (weapon)
Missiles
 h - 2 throwing nets (quivered)
Armour
 b - a +0 scale mail (worn)
 c - a +0 kite shield (worn)
 j - a +0 cloak (worn)
Jewellery
 g - a ring of see invisible
 n - an amulet of the acrobat
Scrolls
 e - 3 scrolls of amnesia {unknown}
 f - a scroll of enchant weapon {unknown}
 i - 2 scrolls of identify {unknown}
 k - 2 scrolls of immolation {unknown}
 l - a scroll of enchant armour {unknown}
 m - 2 scrolls of teleportation {unknown}
Potions
 d - a potion of might
 p - a potion of flight {unknown}


   Skills:
 + Level 4.0 Fighting
 + Level 3.4 Maces & Flails
 + Level 5.2 Armour
 + Level 0.8 Dodging
 * Level 5.5 Shields


You had 4 spell levels left.
You didn't know any spells.
Your spell library contained the following spells:

 Spells                   Type           Power      Damage    Failure   Level
 Freeze                   Ice            0%         1d3       99%         1
 Frozen Ramparts          Ice            0%         1d2       100%        3
 Ozocubu's Armour         Ice            0%         N/A       100%        3
 Hailstorm                Conj/Ice       0%         3d3       100%        4
 Metabolic Englaciation   Hex/Ice        0%         N/A       100%        5


Dungeon Overview and Level Annotations

Branches:
Dungeon (4/15)
 Temple: D:4-7

Altars:

Annotations:
D:3 1 runed translucent door, Crazy Yiuf


Innate Abilities, Weirdness & Mutations

You have a pair of horns on your head.
You reflexively headbutt those who attack you in melee.


Message History

You hit the goblin but do no damage. Your headbutt misses the goblin.
The goblin barely misses you. You block the goblin's attack.
You miss the goblin. You headbutt the goblin.
You kill the goblin!
A phantom comes into view.
Things that are here:
a +0 club; a +1 falchion of draining; a goblin corpse
Found an escape hatch in the ceiling.
You block the phantom's attack.
You miss the phantom. You block the phantom's attack.
It was a potion of curing.
You feel better. The phantom barely misses you.
You hit the phantom.
The phantom is lightly damaged.
The phantom hits you but does no damage.
The phantom barely misses you. You furiously retaliate!
You headbutt the phantom, but do no damage.
You miss the phantom. You headbutt the phantom!
The phantom is moderately damaged.
The phantom hits you but does no damage.
You hit the phantom.
The phantom is heavily damaged.
You block the phantom's attack.
The phantom hits you but does no damage.
You barely miss the phantom.
You headbutt the phantom, but do no damage.
The phantom is heavily damaged.
You block the phantom's attack.
You closely miss the phantom.
The phantom is heavily damaged.
The phantom hits you but does no damage.
You hit the phantom.
The phantom is heavily damaged.
You block the phantom's attack. The phantom hits you!
* * * LOW HITPOINT WARNING * * *
The phantom blinks!
You blink.
A scorpion comes into view.
You barely miss the phantom.
The phantom is heavily damaged.
The phantom hits you!
You die...

#.#.# #<#.#
#)#.#
#######.#.##
.....<.....#
#######....#
##...#
#...######.
#.W@....s..
#..##......
#..# .####.
#..# # ...#
###.# #.# #.


You could see a phantom and a scorpion.

Vanquished Creatures
  A water moccasin zombie (D:2)
  3 adders (D:3)
  4 gnolls (D:2)
  3 worms
  3 dart slugs
  An orc (D:4)
  4 endoplasms
  A giant cockroach (D:1)
  6 goblins
  4 hobgoblins
  6 jackals
  7 kobolds
  4 quokkas
  5 ball pythons
  5 bats (D:1)
  5 frilled lizards
  7 rats
69 creatures vanquished.

Notes
Turn   | Place    | Note
-------+----------+-------------------------------------------
     0 | D:1      | harkkk the Minotaur Fighter began the quest for the Orb.
     0 | D:1      | Reached XP level 1. HP: 19/19 MP: 0/0
   271 | D:1      | Reached XP level 2. HP: 23/27 MP: 1/1
   414 | D:1      | Found a faded altar of an unknown god.
  1084 | D:2      | Reached XP level 3. HP: 31/33 MP: 2/2
  1218 | D:2      | HP: 1/33 [gnoll/+0 whip (2)]
  1232 | D:2      | Reached XP level 4. HP: 5/40 MP: 3/3
  1632 | D:2      | Reached skill level 5 in Armour
  1632 | D:2      | Reached skill level 5 in Shields
  1656 | D:2      | Reached XP level 5. HP: 45/46 MP: 4/4
  2076 | D:3      | Found a runed translucent door.
  2077 | D:3      | Noticed Crazy Yiuf
  2175 | D:4      | Noticed a phantom
  2188 | D:4      | Slain by a phantom

Illustrated notes

Levels and vault maps discovered:
D:1:      dpeg_arrival_stonehenge_12_columns, layout_basic,
          ebering_ecumenical_altar_abandoned, chequers_serial_rivers_micro_b,
          roderic_lattice_a
D:2:      layout_basic, serial_curves, eino_curves_03, eino_curves_02
D:3:      layout_rooms, st_stairs_9, minmay_stone_trees_small,
          solitary_fountain, uniq_crazy_yiuf_cottage
D:4:      layout_loops_ring, uniq_duvessa

Skill      XL: |  1  2  3  4 |
---------------+-------------+-----
Armour         | 4 5 |  5.2
Shields        | 4 5 |  5.5
Fighting       | 4 |  4.0
Maces & Flails | 3 |  3.4
Dodging        | |  0.8

Action                   |  1- 3 |  4- 6 || total
-------------------------+-------+-------++-------
Melee: Flail             |    78 |    98 ||   176
       Headbutt          |    11 |    17 ||    28
  Use: Potion            |     1 |     1 ||     2
Armor: Scale mail        |    46 |    55 ||   101
Dodge: Dodged            |    37 |    49 ||    86
Block: Kite shield       |    71 |    74 ||   145

Table legend: (Time is in decaauts)
 A = Elapsed time spent in this place.
 B = Non-inter-level travel time spent in this place.
 C = Inter-level travel time spent in this place.
 D = Time resting spent in this place.
 E = Time spent auto-exploring this place.
 F = Levels seen in this place.
 G = Mean time per level.
                   A        B        C        D        E       F      G
               +--------+--------+--------+--------+--------+-----+--------+
         Total |   2282 |   2256 |     26 |      0 |   1723 |   4 |  570.5 |
       Dungeon |   2282 |   2256 |     26 |      0 |   1723 |   4 |  570.5 |
               +--------+--------+--------+--------+--------+-----+--------+

Top non-repeatable levels by time:
     D:1: 1081 daAuts
     D:2: 828 daAuts
     D:3: 344 daAuts
     D:4: 28 daAuts
